[Event "Early-Titled-Tuesday-Blitz-September-26-2023"]
[Site "Chess.com"]
[Date "2023.09.26"]
[Round "8"]
[White "SargissyanSargis"]
[Black "Doomfist26"]
[Result "1-0"]
[WhiteElo "2438"]
[BlackElo "2579"]
[TimeControl "180+1"]
[EndTime "9:31:04 PDT"]
[Termination "SargissyanSargis won by checkmate"]

1. e4 e6 2. d4 d5 3. Nc3 Nf6 4. Bg5 Be7 5. e5 Nfd7 6. Bxe7 Qxe7 7. f4 O-O 8. Nf3 c5 9. Qd2 Nc6 10. dxc5 Nxc5 11. Bd3 Nxd3+ 12. cxd3 a6 13. d4 b5 14. O-O Bb7 15. f5 b4 16. Na4 exf5 17. Nc5 Bc8 18. Rac1 a5 19. Qf4 Nd8 20. Nh4 g6 21. Qh6 f6 22.
Rfe1 Nf7 23. Qd2 fxe5 24. dxe5 Qxh4 25. Qxd5 Ra7 26. e6 Bxe6 27. Nxe6 Re8 28. g3 Qf6 29. h4 Rae7 30. Rc6 Qxb2 31. Re3 Rxe6 32. Rcxe6 Qc1+ 33. Re1 Qxe1+ 34. Rxe1 Rxe1+ 35. Kf2 Rc1 36. Qxa5 Rc2+ 37. Ke3 Rb2 38. Qd5 Kf8 39. h5 Rb1 40.
Qd4 Re1+ 41. Kf2 Rb1 42. Qf6 gxh5 43. Kf3 Rf1+ 44. Kg2 Rb1 45. Kh3 Rh1+ 46. Kg2 Rb1 47. Kf2 Kg8 48. Kf3 Rf1+ 49. Ke2 Rg1 50. Kf2 Rh1 51.
Qxf5 Rh2+ 52. Kf3 Rxa2 53. Qc8+ Kg7 54. Qc4 Ra3+ 55. Kf4 b3 56. Qc3+ Kg6 57. Qd3+ Kg7 58. Qc3+ Kg8 59. Qb2 Ra4+ 60. Kf3 Rb4 61. Qc3 Rb8 62.
Qb2 Ng5+ 63. Kf4 Ne6+ 64. Ke5 Kf7 65. Qf2+ Kg7 66. Qf6+ Kg8 67. Qxe6+ Kh8 68. Qf6+ Kg8 69. Qg5+ Kh8 70. Kf6 Rb6+ 71. Ke7 Rb7+ 72. Kf8 Rb8+ 73. Ke7 Rb7+ 74. Kd6 b2 75. Qe5+ Kg8 76. Qd5+ Kf8 77. Qxb7 h4 78. Qxb2 hxg3 79. Ke6 g2 80. Kf6 g1=Q 81.
Qb8# 1-0

[Event "Early-Titled-Tuesday-Blitz-September-26-2023"]
[Site "Chess.com"]
[Date "2023.09.26"]
[Round "8"]
[White "ATM622"]
[Black "borocotoajua"]
[Result "1/2-1/2"]
[WhiteElo "2422"]
[BlackElo "2572"]
[TimeControl "180+1"]
[EndTime "9:31:20 PDT"]
[Termination "Game drawn by repetition"]

1. d4 Nf6 2. c4 g6 3. g3 Bg7 4. Bg2 d6 5. Nf3 O-O 6. O-O c5 7.
d5 e5 8. dxe6 fxe6 9. Nc3 Nc6 10. e4 e5 11. Bg5 Bg4 12. h3 Bxf3 13. Bxf3 Nd4 14. Bg2 h6 15. Be3 Rb8 16. a4 Qa5 17. Nb5 a6 18. Bd2 Qd8 19. Nc3 Qd7 20. a5 Rf7 21.
Nd5 Rbf8 22. b4 Nxd5 23. cxd5 Nf3+ 24. Kh1 Nxd2 25. Qxd2 cxb4 26. Rab1 Qb5 27. Qxb4 Qxb4 28.
Rxb4 Rxf2 29. Rxf2 Rxf2 30. Rxb7 Ra2 31. Rd7 Bf8 32. h4 Ra1+ 33. Kh2 Ra2 34. Kh1 Ra1+ 35. Kh2 Ra2 36. Kg1 h5 37. Bh3 Rxa5 38. Be6+ Kh8 39.
Rd8 Kg7 40. Rd7+ Kh6 41. Bg8 Bg7 42. Rxd6 Ra3 43. Kg2 Bf8 44. Rd8 Kg7 45. Be6 a5 46.
Rd7+ Kh6 47. Rf7 Bc5 48. Rc7 Ra2+ 49. Kf1 Rf2+ 50. Ke1 Bd4 51. d6 Rf8 52. d7 Bb6 53. Rb7 Bd8 54. Ke2 Kg7 55. Ra7 Kf6 56. Ra6 Ke7 57. Bh3 Rf6 58. Ra8 Rb6 59. Kd3 Rb4 60. Kc3 Rd4 61. Bg2 a4 62. Ra6 Kf7 63. Bh3 Kg7 64. Be6 Kf8 65. Ra8 Ke7 66. Bh3 Rd6 67.
Rxa4 Rd1 68. Kc2 Rg1 69. Ra3 Re1 70. Kd2 Rb1 71. Ke2 Rb2+ 72. Kf3 Rb6 73. Bf1 Rf6+ 74. Kg2 Bb6 75. Bb5 Rf2+ 76. Kh3 Rf6 77. Ra6 Bd8 78. Ra8 Rf2 79. Bc4 Rc2 80. Bb5 Rc5 81. Ba4 Rc4 82. Kg2 Rxe4 83. Kf3 Rd4 84. Ke3 Rd6 85.
Bb5 Rd5 86. Bc6 Rd4 87. Ba4 Rb4 88. Kd3 Rd4+ 89. Ke3 1/2-1/2

[Event "Early-Titled-Tuesday-Blitz-September-26-2023"]
[Site "Chess.com"]
[Date "2023.09.26"]
[Round "8"]
[White "ferdipy"]
[Black "GradualismUnleashed"]
[Result "1/2-1/2"]
[WhiteElo "2317"]
[BlackElo "2598"]
[TimeControl "180+1"]
[EndTime "9:31:28 PDT"]
[Termination "Game drawn by agreement"]

1. e4 c5 2. d4 cxd4 3. c3 dxc3 4. Nxc3 e6 5. Bc4 a6 6. Nf3 b5 7. Bb3 Bb7 8. Qe2 Nc6 9. O-O Rc8 10. Bf4 Nge7 11. Rfd1 Ng6 12. Bg3 Be7 13. Rac1 O-O 14. h4 Nxh4 15. Nxh4 Bxh4 16. Bxh4 Qxh4 17. Rxd7 Na5 18.
Bc2 Rfd8 19. Rcd1 Rxd7 20. Rxd7 Bc6 21. Ra7 b4 22. Qxa6 Qd8 23. Qxa5 bxc3 24. Qxd8+ Rxd8 25. bxc3 h5 26. Rc7 Rd2 27. Rxc6 Rxc2 28. a4 Ra2 29. Rc4 g5 30. f3 h4 31. Kh2 Ra3 32. Kh3 Kg7 33.
Kg4 Kg6 34. e5 Ra2 35. Kh3 Kf5 36. Rc7 Rxa4 37. Rxf7+ Kxe5 38. Rg7 Kf6 39. Rg8 Rc4 40. Rf8+ Kg7 41. Re8 Kf7 42. Rh8 Rxc3 43. Rh6 Rc4 44. g3 hxg3 45. Kxg3 Rf4 46. Rh7+ Kf6 47. Rh8 Ke5 48.
Ra8 Kd4 49. Ra5 e5 50. Ra4+ Ke3 51. Ra3+ Kd4 52. Ra4+ Kd5 53. Ra5+ Ke6 54. Ra6+ Kf5 55.
Ra8 Rb4 56. Rf8+ Ke6 57. Rg8 Kf6 58. Rf8+ Kg7 59. Re8 Rb5 60. Re6 Kf7 61. Ra6 Rb4 62. Rc6 Ra4 63. Rb6 Kg7 64. Rc6 Kf7 65. Rb6 Ra3 66.
Kg4 Ke7 67. Rh6 Kf7 68. Rb6 Re3 69. Rb7+ Ke6 70. Rb6+ Kd5 71. Rb5+ Kd4 72. Rb4+ Kd3 73.
Rb3+ Ke2 74. Rb2+ Kf1 75. Rb1+ Kf2 76. Rb2+ Re2 77. Rb5 Re3 78. Rb2+ Ke1 79. Rb1+ Kd2 80. Rb2+ Kc3 81. Rb5 Kd4 82. Rb4+ Kc5 83. Ra4 Kb5 84. Ra8 Kc4 85. Ra4+ Kd3 86. Ra3+ Kd2 87. Ra2+ Ke1 88. Ra1+ Kf2 89. Ra2+ Re2 90. Ra3 Kg2 91. Ra5 e4 92.
fxe4 Rxe4+ 93. Kxg5 Re3 94. Ra2+ Kf3 1/2-1/2

[Event "Early-Titled-Tuesday-Blitz-September-26-2023"]
[Site "Chess.com"]
[Date "2023.09.26"]
[Round "8"]
[White "imdvb6307"]
[Black "djokovic74"]
[Result "1-0"]
[WhiteElo "2498"]
[BlackElo "2682"]
[TimeControl "180+1"]
[EndTime "9:32:10 PDT"]
[Termination "imdvb6307 won by resignation"]

1. d4 e6 2. e4 d5 3. exd5 exd5 4. Bd3 c5 5. Nf3 Nc6 6. O-O c4 7. Re1+ Be7 8. Bf1 Nf6 9. b3 cxb3 10. axb3 O-O 11.
Bd3 Bg4 12. c3 a6 13. h3 Bh5 14. b4 Bg6 15. Bxg6 hxg6 16. Nbd2 Rc8 17. Nb3 Ne4 18. Qd3 Nxc3 19. Qxc3 Bxb4 20. Qb2 Bxe1 21. Nxe1 Re8 22. Nd3 Qf6 23. Be3 Ne7 24. Nbc5 Nf5 25. Qxb7 Nxd4 26. Rxa6 Ne2+ 27. Kh2 Qf5 28. Qd7 d4 29. Qxf5 gxf5 30. Bg5 Nc3 31. f3 f6 32. Bd2 Re2 33. Bxc3 dxc3 34. Ra3 c2 35. Rc3 Rd2 36. Nb4 Re8 37. Nb3 Rf2 38. Rxc2 Rxc2 39. Nxc2 Rb8 40. Nbd4 g6 41. h4 Kf7 42. Kg3 Rh8 43. Ne2 Rc8 44. Ncd4 Rd8 45. h5 Rg8 46. hxg6+ Kxg6 47. Nf4+ Kf7+ 48. Kf2 Rg5 49. g3 Ke7 50. Nd5+ Kf7 51. f4 Rh5 52. Ne3 Kg6 53. Kf3 Rh1 54. Ndxf5 Ra1 55.
g4 Ra3 56. Ne7+ Kf7 57. Nd5 Ke6 58. Ke4 Ra4+ 59. Kf3 Ra3 60. Nb4 Rb3 61. Nc2 Kf7 62. Nd4 Rb4 63. Ke4 Ra4 64. f5 Ra5 65. Nc4 Ra4 66. Nb6 Rb4 67. Nd5 Rb1 68. Ne3 Ra1 69.
Ne6 Ra4+ 70. Kf3 Ra3 71. Nf4 Kg7 72. Nd5 Kf7 73. Kf2 Ra4 74. Kg3 Ra3 75. Kh4 Ra1 76.
Ng2 Rh1+ 77. Kg3 Ra1 78. Ngf4 Ra3+ 79. Kh4 Ra4 80. Nh5 Ra1 81. Ndxf6 Rh1+ 82. Kg5 Ra1 83. Nf4 Rf1 84. Ne4 Rg1 85. Nh5 Re1 86. Neg3 Re3 87.
Kf4 Ra3 88. g5 Ra4+ 89. Ne4 Kg8 90. g6 Ra5 91. Nhf6+ Kg7 92. Kg5 Ra1 93. Nf2 Rg1+ 94. N2g4 Rg2 95. Nh5+ Kg8 96. f6 Kf8 97. Nf4 Rg1 98.
Ne6+ Ke8 99. f7+ Kd7 100. f8=Q Kxe6 101. Qf7+ Kd6 102. Qf4+ Kd7 103. Qd4+ Ke8 104. Qxg1 1-0

[Event "Early-Titled-Tuesday-Blitz-September-26-2023"]
[Site "Chess.com"]
[Date "2023.09.26"]
[Round "9"]
[White "Nasrin_Babayeva"]
[Black "Zampronha1971"]
[Result "0-1"]
[WhiteElo "1885"]
[BlackElo "2275"]
[TimeControl "180+1"]
[EndTime "9:39:25 PDT"]
[Termination "Zampronha1971 won by resignation"]

1. c4 Nf6 2. g3 e6 3. Bg2 d5 4. Nf3 Be7 5. O-O d4 6. b3 c5 7. e3 Nc6 8. e4 Nxe4 9. d3 Nf6 10. Re1 O-O 11. a3 Re8 12. Bb2 Bf8 13. b4 cxb4 14.
axb4 Bxb4 0-1

[Event "Early-Titled-Tuesday-Blitz-September-26-2023"]
[Site "Chess.com"]
[Date "2023.09.26"]
[Round "9"]
[White "FMStan15"]
[Black "wild3000"]
[Result "1-0"]
[WhiteElo "2120"]
[BlackElo "2277"]
[TimeControl "180+1"]
[EndTime "9:40:58 PDT"]
[Termination "FMStan15 won by checkmate"]

1. e4 a6 2. d4 b5 3. a4 Bb7 4. Bd3 b4 5. Nf3 e6 6. O-O d5 7. e5 c5 8. c3 c4 9. Be2 b3 10. h4 Nc6 11. h5 h6 12. Nh2 Be7 13. f4 Bh4 14. f5 Nge7 15. fxe6 fxe6 16. Bg4 Kd7 17. Bxe6+ Kc7 18. Qg4 Bg5 19. Bxg5 hxg5 20. Qxg5 Rf8 21. Nd2 Rxf1+ 22. Rxf1 Qh8 23. Rf7 Kb6 24.
Rxe7 Nxe7 25. Qxe7 Rd8 26. Qc5# 1-0

[Event "Early-Titled-Tuesday-Blitz-September-26-2023"]
[Site "Chess.com"]
[Date "2023.09.26"]
[Round "9"]
[White "GMTalks_Youtube"]
[Black "TigranHH"]
[Result "1-0"]
[WhiteElo "2712"]
[BlackElo "2263"]
[TimeControl "180+1"]
[EndTime "9:41:07 PDT"]
[Termination "GMTalks_Youtube won by resignation"]

1. e4 c6 2. Nf3 d5 3. d3 g6 4. e5 Bg7 5. d4 Nh6 6. h3 O-O 7. c4 f6 8. exf6 exf6 9. Be2 Be6 10. Qb3 Qb6 11. Qxb6 axb6 12. cxd5 Bxd5 13. Nc3 Bf7 14. O-O Na6 15. Bf4 Nb4 16. Bd6 Nc2 17.
Bxf8 Bxf8 18. Rac1 Nb4 19. a3 Nd5 20. Nxd5 Bxd5 21.
Bc4 1-0

[Event "Early-Titled-Tuesday-Blitz-September-26-2023"]
[Site "Chess.com"]
[Date "2023.09.26"]
[Round "9"]
[White "scarabee43"]
[Black "Druid24"]
[Result "0-1"]
[WhiteElo "2782"]
[BlackElo "2672"]
[TimeControl "180+1"]
[EndTime "9:41:32 PDT"]
[Termination "Druid24 won by resignation"]

1. d4 Nf6 2. c4 e6 3. Nf3 b6 4. g3 Ba6 5. b3 Bb7 6. Bg2 d5 7. O-O Be7 8. Nc3 O-O 9. Ne5 Nbd7 10. Bb2 c5 11. cxd5 Nxe5 12. dxe5 Nxd5 13. Nxd5 Bxd5 14.
e4 Bc6 15. Qe2 Qc7 16. Rfd1 Rfd8 17. f4 Rxd1+ 18. Rxd1 Rd8 19. h4 Rxd1+ 20. Qxd1 b5 21. f5 c4 22. Kh2 exf5 23. bxc4 bxc4 24. exf5 Bxg2 25. Kxg2 c3 26. Qc2 Qb7+ 0-1

[Event "Early-Titled-Tuesday-Blitz-September-26-2023"]
[Site "Chess.com"]
[Date "2023.09.26"]
[Round "9"]
[White "ZeGood_ZeBad_ZeUgly"]
[Black "Balla_Tamas"]
[Result "1-0"]
[WhiteElo "2319"]
[BlackElo "2406"]
[TimeControl "180+1"]
[EndTime "9:41:47 PDT"]
[Termination "ZeGood_ZeBad_ZeUgly won by resignation"]

1. Nf3 c5 2. e4 Nc6 3. d4 cxd4 4.
Nxd4 e5 5. Nb5 d6 6. N1c3 a6 7. Na3 b5 8. Nd5 Nge7 9. Bg5 h6 10. Bxb5 hxg5 11. Nxe7 Bxe7 12. Bxc6+ Bd7 13. Bxa8 Qxa8 14.
Qd3 Rh4 15. f3 g4 16. Nc4 gxf3 17. gxf3 Bb5 18. Nxd6+ Bxd6 19. Qxd6 Rxe4+ 20. Kf2 Rf4 21. Qxe5+ Kf8 22. Qxf4 Qa7+ 23. Qe3 Qc7 24. c3 Kg8 25. h4 Bc4 26. h5 1-0

[Event "Early-Titled-Tuesday-Blitz-September-26-2023"]
[Site "Chess.com"]
[Date "2023.09.26"]
[Round "9"]
[White "JosefineHeinemann"]
[Black "Kostukov_Alex"]
[Result "0-1"]
[WhiteElo "2539"]
[BlackElo "2401"]
[TimeControl "180+1"]
[EndTime "9:41:48 PDT"]
[Termination "Kostukov_Alex won by resignation"]

1. Nf3 c5 2. g3 g6 3. Bg2 Bg7 4. c4 Nf6 5. O-O O-O 6. Nc3 Nc6 7. d3 d5 8. cxd5 Nxd5 9. Bd2 Nc7 10. Rc1 b6 11. Qc2 Bb7 12. a3 Rc8 13. Qb1 Nd4 14.
Nxd4 Bxg2 15. Kxg2 cxd4 16. Na2 Qd5+ 17. Kg1 Qh5 18. Nb4 Qxe2 19. Rc2 Qf3 20. Nc6 Nd5 21. Nxa7 Ra8 22. Nb5 Qxd3 23. Nc7 Nxc7 24. Rxc7 Qxd2 0-1

[Event "Early-Titled-Tuesday-Blitz-September-26-2023"]
[Site "Chess.com"]
[Date "2023.09.26"]
[Round "9"]
[White "cristiano78"]
[Black "GMaka"]
[Result "0-1"]
[WhiteElo "2249"]
[BlackElo "2426"]
[TimeControl "180+1"]
[EndTime "9:41:55 PDT"]
[Termination "GMaka won by resignation"]

1. d4 e6 2. c4 d5 3. Nf3 Nf6 4. Nc3 dxc4 5. Bg5 Bb4 6. e4 b5 7. e5 h6 8. Bh4 g5 9. exf6 gxh4 10. Ne5 Qxf6 11. Be2 c6 12. Bf3 Bb7 13. O-O Bxc3 14. bxc3 h3 15. g3 Nd7 16. Nxc6 Rc8 17. d5 Bxc6 18.
dxc6 Ne5 19. Be4 Ke7 20. a3 Rhd8 21. Qb1 Nf3+ 22. Kh1 Nd2 23. Qb4+ Ke8 24. Qxb5 Nxe4 25. c7+ Rd7 26. Rfd1 Qf3+ 0-1

[Event "Early-Titled-Tuesday-Blitz-September-26-2023"]
[Site "Chess.com"]
[Date "2023.09.26"]
[Round "9"]
[White "Eloist"]
[Black "elegant285"]
[Result "1-0"]
[WhiteElo "2481"]
[BlackElo "2384"]
[TimeControl "180+1"]
[EndTime "9:42:06 PDT"]
[Termination "Eloist won by resignation"]

1. e4 c5 2. Nf3 d6 3. Bb5+ Bd7 4. Bxd7+ Nxd7 5. O-O Ngf6 6. Qe2 e6 7. d4 cxd4 8. Nxd4 Be7 9. c4 O-O 10. b3 Nc5 11.
Nc3 a6 12. Bb2 Qc7 13. f4 Rad8 14. Rad1 Rfe8 15. e5 dxe5 16. fxe5 Nfd7 17. b4 Nxe5 18. bxc5 Rxd4 19. Rxd4 Bxc5 20. Ne4 Rd8 21. Nxc5 Qxc5 22. Qf2 Rf8 23. Re4 Qxf2+ 24. Rxf2 Nd3 25. Rd2 1-0

[Event "Early-Titled-Tuesday-Blitz-September-26-2023"]
[Site "Chess.com"]
[Date "2023.09.26"]
[Round "9"]
[White "Khromkin"]
[Black "Mesa_1"]
[Result "1/2-1/2"]
[WhiteElo "2398"]
[BlackElo "2661"]
[TimeControl "180+1"]
[EndTime "9:42:11 PDT"]
[Termination "Game drawn by agreement"]

1. d4 Nf6 2. c4 g6 3. Nf3 Bg7 4.
Nc3 O-O 5. g3 d6 6. Bg2 c6 7. O-O Bf5 8. Nh4 Be6 9. d5 cxd5 10.
cxd5 Bd7 11. Nf3 Na6 12. Nd4 Rc8 13. h3 Qb6 14. Nb3 Qb4 15. a3 Qc4 16. Be3 b6 17.
Rc1 Ba4 18. Nxa4 Qxa4 19. Nd4 Qxd1 20. Rfxd1 Nb8 1/2-1/2

[Event "Early-Titled-Tuesday-Blitz-September-26-2023"]
[Site "Chess.com"]
[Date "2023.09.26"]
[Round "9"]
[White "ajedrezhoy"]
[Black "Irina_Mikhaylova"]
[Result "0-1"]
[WhiteElo "2371"]
[BlackElo "2301"]
[TimeControl "180+1"]
[EndTime "9:42:20 PDT"]
[Termination "Irina_Mikhaylova won by resignation"]

1. c4 Nf6 2. Nc3 d5 3. cxd5 Nxd5 4. Nf3 Nxc3 5. dxc3 Qxd1+ 6. Kxd1 f6 7. e4 e5 8. Be3 Be6 9. Nd2 Nd7 10. Bc4 Kf7 11.
Ke2 Bc5 12. Bxe6+ Kxe6 13. Nc4 Bxe3 14. Nxe3 c6 15. a4 Rhd8 16. Rhd1 Nc5 17. Rxd8 Rxd8 18. b4 Nxe4 19. Nd1 Nd6 20. a5 Nc4 21. a6 b5 22.
f3 Rd2+ 23. Kf1 Rxd1+ 24. Rxd1 Ne3+ 25. Ke2 Nxd1 26. Kxd1 Kd5 27. Kd2 Kc4 28. Kc2 f5 0-1

[Event "Early-Titled-Tuesday-Blitz-September-26-2023"]
[Site "Chess.com"]
[Date "2023.09.26"]
[Round "9"]
[White "Doudou2015"]
[Black "cukin84"]
[Result "1-0"]
[WhiteElo "2172"]
[BlackElo "2195"]
[TimeControl "180+1"]
[EndTime "9:42:21 PDT"]
[Termination "Doudou2015 won by resignation"]

1. b3 f5 2. Bb2 Nf6 3. e3 e6 4. f4 Be7 5. Nf3 O-O 6. Nc3 d5 7. Qe2 c5 8. O-O-O Nc6 9. h3 a6 10. g4 b5 11. gxf5 exf5 12. Rg1 Kh8 13. Qg2 Rg8 14.
Ng5 Qe8 15. Nxd5 Nxd5 16. Qxd5 Bxg5 17. Rxg5 Be6 18. Qg2 Ra7 19. Be2 c4 20. Rg1 cxb3 21. Rxg7 Raxg7 22. Bxg7+ 1-0

[Event "Early-Titled-Tuesday-Blitz-September-26-2023"]
[Site "Chess.com"]
[Date "2023.09.26"]
[Round "9"]
[White "carloseduar100"]
[Black "AleksandrAleksikov"]
[Result "1-0"]
[WhiteElo "2328"]
[BlackElo "2213"]
[TimeControl "180+1"]
[EndTime "9:42:33 PDT"]
[Termination "carloseduar100 won on time"]

1. d4 Nf6 2. Bg5 e6 3. e4 h6 4. Bxf6 Qxf6 5. c3 d6 6. Nd2 Nd7 7. Bd3 b6 8. Ne2 Bb7 9. O-O O-O-O 10. a4 e5 11. a5 g6 12. axb6 axb6 13. Ra7 Nb8 14. Qa4 Qe7 15. Ra1 Qd7 16. Bb5 Bc6 17.
Ra8 1-0

[Event "Early-Titled-Tuesday-Blitz-September-26-2023"]
[Site "Chess.com"]
[Date "2023.09.26"]
[Round "9"]
[White "Smile2005"]
[Black "campochess"]
[Result "1-0"]
[WhiteElo "2409"]
[BlackElo "2177"]
[TimeControl "180+1"]
[EndTime "9:42:36 PDT"]
[Termination "Smile2005 won by resignation"]

1. e4 c5 2. Nf3 Nc6 3. d4 cxd4 4. Nxd4 e5 5. Nb5 a6 6. Nd6+ Bxd6 7. Qxd6 Qe7 8. Qd3 Nf6 9. Nc3 h6 10. Be3 d6 11. O-O-O O-O 12. Qxd6 Qe8 13. Bc5 Nd7 14. Nd5 Nxc5 15. Qxc5 Qd8 16. Nb6 Qg5+ 17. Kb1 Rb8 18. Bc4 Bg4 19. f3 Bh5 20. g4 Bg6 21. h4 Qf4 22. g5 h5 23. Nd7 Nd4 24. Qxe5 Qxe5 25. Nxe5 b5 26. Nxg6 bxc4 27. Nxf8 Nxf3 28. Nd7 Rb5 29. c3 Kh7 30. Rh3 Ne5 31. Nxe5 Rxe5 32. Rd4 1-0

[Event "Early-Titled-Tuesday-Blitz-September-26-2023"]
[Site "Chess.com"]
[Date "2023.09.26"]
[Round "9"]
[White "Vesper2018"]
[Black "KamlaPasand"]
[Result "1-0"]
[WhiteElo "2584"]
[BlackElo "2437"]
[TimeControl "180+1"]
[EndTime "9:42:41 PDT"]
[Termination "Vesper2018 won by checkmate"]

1. e4 e5 2. Nf3 Nc6 3. Bb5 a6 4. Ba4 Nf6 5. O-O b5 6. Bb3 Bc5 7. Re1 d6 8. c3 Bg4 9. d3 O-O 10. Bg5 Ne7 11. Bxf6 gxf6 12. h3 Be6 13. Bc2 Ng6 14.
d4 Bb6 15. Nbd2 Kh8 16. Nf1 Rg8 17. Ng3 Nf4 18. Kh2 Qd7 19. Ng1 c6 20. Qf3 Rg6 21.
N1e2 Nxe2 22. Rxe2 Rag8 23. d5 cxd5 24. exd5 Bxh3 25.
gxh3 Rh6 26. Qf5 Qa7 27. Ne4 Rhg6 28. Nxf6 Rg2+ 29. Kh1 R8g6 30. Ng4 R2xg4 31. hxg4 Rh6+ 32. Kg2 Qe7 33. Rh1 Rg6 34. Qh5 Rg7 35. Bxh7 Qf6 36.
Bg8+ Kxg8 37. Qh8# 1-0

[Event "Early-Titled-Tuesday-Blitz-September-26-2023"]
[Site "Chess.com"]
[Date "2023.09.26"]
[Round "9"]
[White "Herman-NY"]
[Black "AnaKuchava"]
[Result "1-0"]
[WhiteElo "2497"]
[BlackElo "2266"]
[TimeControl "180+1"]
[EndTime "9:42:49 PDT"]
[Termination "Herman-NY won on time"]

1. e4 c5 2. Nf3 d6 3. d4 cxd4 4. Nxd4 Nf6 5. Nc3 Nc6 6. Bc4 e6 7. Be3 a6 8. Qe2 Qc7 9. O-O-O Na5 10. Bb3 Be7 11. g4 Nxb3+ 12. axb3 b5 13. g5 Nd7 14. Nf5 exf5 15. Nd5 Qd8 16. exf5 O-O 17. f6 Nxf6 18. Bb6 Nxd5 19. Bxd8 Bxd8 20. Rxd5 Bb7 21. Rhd1 Bxd5 22.
Rxd5 1-0

[Event "Early-Titled-Tuesday-Blitz-September-26-2023"]
[Site "Chess.com"]
[Date "2023.09.26"]
[Round "9"]
[White "KatakuriDono"]
[Black "Caroexpert"]
[Result "0-1"]
[WhiteElo "2322"]
[BlackElo "2451"]
[TimeControl "180+1"]
[EndTime "9:43:05 PDT"]
[Termination "Caroexpert won by resignation"]

1. d4 d5 2. c4 e6 3. Nc3 a6 4. cxd5 exd5 5. Nf3 Nf6 6. Bg5 Be6 7. e3 Nbd7 8. Bd3 c6 9. Qc2 Bd6 10. Rb1 h6 11. Bh4 O-O 12. b4 b5 13. O-O Re8 14. Ne2 Rc8 15. Nf4 Bg4 16. Ne2 Nb6 17. Bxf6 Qxf6 18.
Nd2 Nc4 19. Bxc4 bxc4 20. Ng3 Bxg3 21. fxg3 Qg5 22. e4 Be2 23. Rf5 Qe3+ 24. Kh1 Bd3 25. Qd1 Bxb1 26. Nxb1 Qxe4 27. Rf1 Qe2 28. Qc1 Re3 29. Nc3 Rxc3 0-1

[Event "Early-Titled-Tuesday-Blitz-September-26-2023"]
[Site "Chess.com"]
[Date "2023.09.26"]
[Round "9"]
[White "Aleksandar-Topalov"]
[Black "Yurasova_Daria"]
[Result "0-1"]
[WhiteElo "2384"]
[BlackElo "2480"]
[TimeControl "180+1"]
[EndTime "9:43:06 PDT"]
[Termination "Yurasova_Daria won by checkmate"]

1. b3 b6 2. Bb2 Bb7 3. Nf3 c5 4.
g3 e6 5. Bg2 Nf6 6. O-O Be7 7. c4 d6 8. Nc3 Nbd7 9. e3 O-O 10. d4 cxd4 11. exd4 a6 12. d5 e5 13. Nd2 Nc5 14. Qc2 b5 15. cxb5 axb5 16. Nxb5 Bxd5 17. Bxd5 Nxd5 18. Nc4 Qd7 19. a4 Qg4 20. Ncxd6 Nf4 21. Bxe5 Ncd3 22. Bxf4 Nxf4 23. Qc4 Bxd6 24. Nxd6 Nh3+ 25.
Kg2 Qd7 26. Rfd1 Ng5 27. h4 Qh3+ 28. Kg1 Nf3# 0-1

[Event "Early-Titled-Tuesday-Blitz-September-26-2023"]
[Site "Chess.com"]
[Date "2023.09.26"]
[Round "9"]
[White "Gyulamiryan-koryun"]
[Black "Fore_Man"]
[Result "1-0"]
[WhiteElo "2016"]
[BlackElo "2266"]
[TimeControl "180+1"]
[EndTime "9:43:14 PDT"]
[Termination "Gyulamiryan-koryun won by checkmate"]

1. e4 c5 2. Nf3 Nc6 3. d4 cxd4 4.
Nxd4 g6 5. Be3 Bg7 6. Nc3 Nf6 7.
f3 O-O 8. Qd2 d6 9. O-O-O Nxd4 10. Bxd4 a6 11. Be3 b5 12. Bh6 b4 13. Nd5 Nxd5 14. exd5 Bf5 15. Bxg7 Kxg7 16. g4 Bd7 17. Qxb4 Rb8 18. Qc3+ Kg8 19. b3 a5 20. h4 Rc8 21.
Qd2 a4 22. Bc4 axb3 23. Bxb3 Qc7 24. h5 Qc3 25. Qxc3 Rxc3 26. hxg6 hxg6 27. Rh3 Bxg4 28. Rh4 Bxf3 29. Rf1 Bh5 30. Rg1 Kh7 31. Kb2 Rc5 32. c4 e6 33. Bc2 Kh6 34. dxe6 fxe6 35. Rxg6+ Kh7 36. Rg5+ Kh6 37. Rhxh5# 1-0

[Event "Early-Titled-Tuesday-Blitz-September-26-2023"]
[Site "Chess.com"]
[Date "2023.09.26"]
[Round "9"]
[White "lamomiajunior"]
[Black "Squirlolz"]
[Result "0-1"]
[WhiteElo "2745"]
[BlackElo "2578"]
[TimeControl "180+1"]
[EndTime "9:43:16 PDT"]
[Termination "Squirlolz won by resignation"]

1. d4 Nf6 2. c4 c5 3. d5 e6 4. Nc3 exd5 5. cxd5 d6 6. e4 g6 7. f4 Bg4 8. Nf3 Bg7 9. Bb5+ Nbd7 10. e5 Nh5 11. e6 fxe6 12. dxe6 Bxe6 13. Ng5 Qe7 14. O-O Bd4+ 15. Kh1 O-O-O 16. Re1 Nf8 17. Nd5 Qg7 18. Nxe6 Ng3+ 19. hxg3 Qh6+ 0-1

[Event "Early-Titled-Tuesday-Blitz-September-26-2023"]
[Site "Chess.com"]
[Date "2023.09.26"]
[Round "9"]
[White "SharapovEvgeny"]
[Black "ATM622"]
[Result "1-0"]
[WhiteElo "2585"]
[BlackElo "2417"]
[TimeControl "180+1"]
[EndTime "9:43:17 PDT"]
[Termination "SharapovEvgeny won by resignation"]

1. e4 c6 2. d4 d5 3. e5 c5 4.
Nf3 cxd4 5. Qxd4 Nc6 6. Qf4 h6 7. Bd3 g5 8. Qg3 g4 9. Nh4 e6 10. Qxg4 Nxe5 11. Bb5+ Bd7 12. Bxd7+ Qxd7 13. Qg3 Nc6 14.
O-O Nf6 15. Nc3 Bd6 16. Qg7 Ke7 17. Ng6+ Kd8 18. Qxh8+ Kc7 19. Qxf6 fxg6 20. Nb5+ Kb6 21. Nxd6 Qxd6 22. Be3+ d4 23. Bf4 Qd5 24. Qxg6 e5 25. Bg3 e4 26. Rad1 Rd8 27. Qxh6 Rd7 28. Qd2 Qxa2 29. c3 d3 30. Qe3+ Kb5 31. Qxe4 a5 32.
Rxd3 Re7 33. Qd5+ Ka6 34. Qxa2 1-0

[Event "Early-Titled-Tuesday-Blitz-September-26-2023"]
[Site "Chess.com"]
[Date "2023.09.26"]
[Round "9"]
[White "Boundless_Strike"]
[Black "skkeyan1309"]
[Result "0-1"]
[WhiteElo "2597"]
[BlackElo "2727"]
[TimeControl "180+1"]
[EndTime "9:43:18 PDT"]
[Termination "skkeyan1309 won by resignation"]

1. d4 c5 2. Nc3 cxd4 3. Qxd4 Nc6 4. Qh4 Nf6 5. Bg5 e6 6. O-O-O Be7 7. e4 d6 8. Nf3 h6 9. e5 Nd5 10. Nxd5 Bxg5+ 11. Nxg5 exd5 12. f4 dxe5 13. Bc4 O-O 14. Bxd5 Nd4 15. Be4 f5 16. c3 hxg5 17. fxg5 fxe4 18. cxd4 exd4 0-1

[Event "Early-Titled-Tuesday-Blitz-September-26-2023"]
[Site "Chess.com"]
[Date "2023.09.26"]
[Round "9"]
[White "Chessbard1972"]
[Black "whiteglovethief"]
[Result "1-0"]
[WhiteElo "2396"]
[BlackElo "2488"]
[TimeControl "180+1"]
[EndTime "9:43:19 PDT"]
[Termination "Chessbard1972 won by resignation"]

1. e4 e6 2. d4 d5 3. e5 c5 4. c3 Nc6 5. Nf3 Bd7 6. a3 c4 7. b4 a6 8. a4 b6 9. Be2 Nce7 10. O-O Qc7 11. Nh4 Ng6 12. Nf3 f5 13. exf6 gxf6 14. h4 Bd6 15. h5 Nf4 16. Bxf4 Bxf4 17. Nbd2 Ne7 18. Nh4 Rg8 19. Bf3 Bg5 20. h6 Bxh4 21.
Bh5+ Ng6 22. Qg4 Bg5 23. f4 e5 24. f5 Bxd2 25. Bxg6+ hxg6 26. h7 Be3+ 27. Kh1 Rh8 28. Qxg6+ Ke7 29. Qg7+ Kd8 30. Qxh8+ Be8 31. Qxf6+ Kc8 32.
h8=Q Kb7 33. Qhg7 Bd7 34. Qxe5 Qxe5 35. dxe5 Kc6 36. g4 d4 37. e6 Bc8 38. cxd4 Bb7 39.
d5+ Kd6 40. Qxb7 1-0

[Event "Early-Titled-Tuesday-Blitz-September-26-2023"]
[Site "Chess.com"]
[Date "2023.09.26"]
[Round "9"]
[White "MAGMAchess02"]
[Black "GG91"]
[Result "0-1"]
[WhiteElo "2382"]
[BlackElo "2325"]
[TimeControl "180+1"]
[EndTime "9:43:19 PDT"]
[Termination "GG91 won by checkmate"]

1. e4 d6 2. d4 Nf6 3. Nc3 g6 4. Nf3 Bg7 5. Be2 O-O 6. O-O Nc6 7. a4 e5 8. d5 Ne7 9. b4 Ne8 10. Ne1 f5 11. f3 f4 12. a5 g5 13. Na4 Nf6 14. c4 Rf7 15. c5 Bf8 16. a6 b6 17.
Ba3 Ng6 18. Rc1 h5 19. Bb5 g4 20. Bc6 Rb8 21. Nc3 h4 22. Qa4 Rg7 23. Nb5 h3 24. gxh3 gxf3 25. Kh1 Nh4 26. Nxf3 Nxe4 27.
Nxa7 Bxh3 28. Nb5 Bg2+ 29. Kg1 Bxf3# 0-1